Map: Babylon LE

Players

Elazer - Winner!

  • Race: Zerg Zerg
  • Spawn Location: 11:00

herO

  • Race: Protoss Protoss
  • Spawn Location: 5:00

Event: ESL SC2 Masters 2023 Summer (Finals)

VOD

Have the link to the VOD?

Description

Time

  • Played on: June 16, 2023, 1:05 p.m.
  • Length: 19:12

All games in this series

Show
View Real Time Build Order
Export as new Build Order

Elazer Zerg - Winner!

Build Orders: Hatch First 

Get SALT Encoding   

  12  0:00  Drone  
  13  0:08  Drone  
  14  0:33  Hatchery  
  13  0:36  Drone  
  14  0:42  Extractor  
  14  0:43  Drone  
  15  0:50  Overlord  
  15  1:05  Spawning Pool  
  15  1:09  Drone  
  15  1:12  Drone  
  15  1:17  Drone  
  17  1:23  Drone  
  18  1:31  Drone  
  20  1:47  Drone x2  
  20  1:51  Queen  
  20  1:52  Queen  
  25  1:56  Zergling x2  
  25  2:01  Overlord  
  26  2:06  Drone x2  
  28  2:19  Drone x2  
  28  2:20  Extractor  
  29  2:25  Drone  
  30  2:31  Queen  
  30  2:34  Drone  
  33  2:37  Overlord  
  33  2:47  Hatchery  
  33  2:51  Zergling x2  
  33  2:52  Drone x2  
  35  3:01  Drone  
  35  3:05  Drone x3  
  39  3:07  Queen  
  41  3:17  Queen  
  41  3:18  Overlord  
  43  3:22  Drone  
  44  3:27  Overlord  
  44  3:30  Spore Crawler  
  44  3:31  Drone  
  43  3:36  Drone x4  
  43  3:38  Zergling x4  
  43  3:40  Zergling x2  
  50  3:44  Metabolic Boost  
  50  3:48  Zergling x2  
  50  3:51  Overlord  
  51  3:59  Queen  
  51  4:02  Extractor  
  52  4:03  Evolution Chamber  
  52  4:04  Drone x3  
  52  4:05  Drone  
  55  4:11  Drone x3  
  55  4:15  Extractor  
  55  4:16  Spore Crawler  
  58  4:18  Drone x4  
  60  4:24  Drone x3  
  59  4:31  Drone x4  
  59  4:37  Drone x3  
  66  4:39  Drone  
  66  4:43  Overlord  
  67  4:46  Queen  
  67  4:47  Drone  
  67  4:50  Drone x2, Evolution Chamber  
  71  4:56  Drone x3  
  74  5:00  Extractor  
  74  5:02  Drone  
  74  5:05  Drone x6  
  80  5:10  Overlord  
  80  5:12  Drone x2  
  82  5:14  Extractor  
  82  5:17  Drone  
  82  5:18  Zerg Melee Weapons Level 1  
  82  5:20  Overlord  
  82  5:23  Extractor  
  81  5:29  Drone x5  
  81  5:31  Drone  
  81  5:34  Hatchery  
  86  5:38  Overlord, Queen  
  86  5:43  Drone x6  
  86  5:47  Overlord  
  86  5:48  Extractor  
  89  5:51  Lair  
  89  5:54  Zergling x10  
  89  5:55  Roach Warren  
  93  6:02  Zergling x8  
  97  6:07  Spore Crawler, Zergling x4  
  97  6:09  Hatchery  
  97  6:10  Overlord  
  96  6:18  Drone x5  
  101  6:24  Drone x2  
  103  6:33  Drone x5  
  103  6:39  Overlord  
  108  6:43  Overlord  
  108  6:46  Drone  
  107  6:48  Zergling x2  
  107  6:49  Zergling x14  
  107  6:50  Glial Reconstitution  
  107  6:52  Baneling Nest  
  113  7:06  Roach x7  
  118  7:11  Roach x5  
  118  7:13  Zerg Melee Weapons Level 2  
  128  7:18  Overlord x2  
  128  7:21  Roach x4  
  136  7:28  Overlord  
  135  7:31  Drone  
  135  7:32  Drone x3  
  135  7:33  Extractor  
  135  7:34  Roach  
  135  7:35  Roach x2, Ravager x3  
  135  7:36  Centrifugal Hooks, Ravager  
  148  7:37  Overlord x5  
  148  7:43  Zergling x14  
  155  7:48  Drone, Spore Crawler  
  155  7:54  Zergling x12  
  155  7:57  Zergling x2  
  155  7:58  Zergling x8  
  166  8:10  Zergling x14  
  173  8:16  Baneling  
  173  8:17  Baneling x5  
  173  8:21  Baneling x14  
  173  8:24  Zergling x2  
  173  8:25  Zergling x18  
  182  8:30  Baneling x11  
  182  8:31  Baneling x2  
  180  8:34  Zergling x10  
  176  8:42  Roach  
  176  8:43  Roach, Zergling x16  
  188  8:52  Overseer  
  188  8:54  Zergling x16  
  196  9:00  Baneling x16  
  182  9:04  Zergling x16  
  186  9:12  Roach x5  
  194  9:21  Zergling x10  
  165  9:29  Roach x6  
  150  9:36  Roach x6  
  158  9:40  Drone x5  
  158  9:41  Zerg Missile Weapons Level 1  
  159  9:46  Hatchery  
  159  9:48  Roach x3  
  159  9:54  Zergling x12  
  159  9:57  Zergling x6  
  168  10:03  Drone  
  168  10:04  Drone x2  
  168  10:05  Ravager  
  172  10:07  Zergling x12  
  172  10:08  Zergling x2  
  172  10:09  Baneling x7  
  179  10:19  Zergling x16  
  184  10:31  Zergling x26  
  184  10:33  Baneling x13  
  165  10:50  Drone x8  
  165  10:56  Queen x2  
  165  10:58  Zergling x18  
  164  11:07  Zergling x4  
  164  11:08  Zergling x10  
  169  11:11  Zergling x2  
  169  11:12  Zergling x4  
  169  11:15  Zergling x6  
  169  11:17  Zergling x4  
  177  11:23  Baneling  
  177  11:24  Baneling x5, Zergling x2  
  177  11:25  Zergling x6  
  181  11:29  Drone x5  
  186  11:38  Zergling x2  
  186  11:39  Zergling x16  
  193  11:47  Baneling x18  
  193  11:49  Zergling x6  
  188  12:03  Zergling x4  
  188  12:04  Overlord x2  
  185  12:13  Zergling x26  
  153  12:20  Roach x6  
  150  12:28  Zergling x8  
  150  12:29  Zergling x4  
  152  12:30  Ravager  
  152  12:32  Queen  
  155  12:42  Zergling x16  
  163  12:47  Hatchery, Zergling x4  
  164  13:01  Roach x4  
  164  13:02  Roach x2  
  175  13:14  Zergling x18  
  175  13:15  Baneling  
  175  13:16  Baneling x20  
  175  13:18  Queen  
  182  13:26  Zergling x20  
  187  13:36  Zergling x10  
  191  13:41  Roach x4  
  196  13:50  Roach x2  
  197  14:05  Zergling x6  
  183  14:10  Zergling x20  
  183  14:16  Roach x4  
  180  14:17  Queen x2  
  180  14:24  Roach x2  
  176  14:28  Zergling x6  
  166  14:37  Zergling x10  
  159  14:47  Zergling x10  
  159  14:50  Hatchery  
  159  14:52  Zergling x2  
  164  14:57  Ravager  
  165  15:00  Zergling x12  
  165  15:04  Baneling x6  
  168  15:12  Roach x7  
  181  15:21  Spore Crawler  
  173  15:22  Zergling x14  
  168  15:30  Zergling x18  
  168  15:34  Roach x3  
  168  15:35  Roach x2  
  173  15:41  Roach  
  173  15:42  Roach x2  
  172  15:44  Queen x4  
  179  15:51  Roach x5  
  183  15:58  Zergling x14  
  183  16:03  Zergling x8  
  188  16:08  Zergling x4  
  188  16:09  Ravager x2  
  188  16:10  Baneling x19  
  178  16:16  Zergling x8  
  178  16:17  Zergling x12  
  182  16:31  Zergling x18  
  174  16:37  Zergling x10  
  171  16:42  Zergling x2  
  172  16:48  Zergling x10  
  160  17:02  Zergling x14  
  160  17:03  Zergling x4  
  158  17:10  Zergling x18  
  165  17:16  Zergling x12  
Show
View Real Time Build Order
Export as new Build Order

herO Protoss 

Build Orders: 1 Gate Expand, Oracle Opening, Zealot Archon 

Get SALT Encoding   

  12  0:00  Probe  
  13  0:12  Probe  
  14  0:18  Pylon  
  14  0:24  Probe (Chrono Boost)  
  15  0:36  Probe (Chrono Boost)  
  15  0:39  Gateway  
  16  0:45  Probe (Chrono Boost)  
  16  0:49  Assimilator  
  17  0:51  Probe  
  18  1:03  Probe  
  19  1:15  Probe  
  20  1:29  Nexus  
  20  1:38  Cybernetics Core  
  20  1:41  Probe  
  21  1:47  Assimilator  
  21  1:53  Probe  
  22  1:58  Pylon  
  22  2:05  Probe  
  23  2:13  Adept (Chrono Boost)  
  23  2:17  Probe  
  23  2:20  Stargate  
  26  2:25  Warp Gate  
  26  2:29  Probe (Chrono Boost)  
  27  2:36  Adept  
  29  2:41  Probe (Chrono Boost)  
  31  2:47  Probe (Chrono Boost)  
  31  2:50  Probe (Chrono Boost)  
  32  2:55  Probe x2 (Chrono Boost)  
  34  3:00  Oracle (Chrono Boost)  
  37  3:06  Adept  
  37  3:08  Probe x2  
  41  3:21  Probe x2  
  41  3:23  Pylon  
  43  3:28  Gateway, Oracle (Chrono Boost)  
  48  3:41  Probe x2  
  48  3:52  Nexus  
  48  3:56  Pylon  
  48  3:57  Probe x2  
  48  4:00  Oracle (Chrono Boost)  
  50  4:09  Assimilator  
  53  4:11  Probe, Assimilator  
  53  4:14  Probe  
  55  4:24  Adept  
  55  4:25  Adept  
  55  4:26  Probe  
  55  4:27  Probe  
  57  4:38  Twilight Council  
  57  4:39  Probe x2, Forge  
  59  4:48  Adept  
  59  4:49  Gateway  
  59  4:51  Probe  
  62  4:55  Gateway  
  62  5:04  Probe (Chrono Boost)  
  62  5:05  Probe (Chrono Boost), Robotics Facility  
  64  5:09  Probe (Chrono Boost), Protoss Ground Weapons Level 1 (Chrono Boost)  
  66  5:14  Shield Battery  
  66  5:15  Probe (Chrono Boost)  
  66  5:16  Probe (Chrono Boost)  
  66  5:18  Probe (Chrono Boost)  
  66  5:20  Probe (Chrono Boost)  
  66  5:21  Probe (Chrono Boost), Charge  
  68  5:23  Probe (Chrono Boost)  
  68  5:25  Oracle  
  74  5:33  Probe x2, Pylon  
  74  5:35  Probe  
  74  5:43  Zealot  
  74  5:45  Probe  
  74  5:49  Assimilator  
  77  5:51  Probe x2, Gateway, Assimilator  
  77  5:53  Templar Archives  
  77  5:56  Observer (Chrono Boost)  
  80  5:57  Probe  
  80  6:01  Photon Cannon  
  80  6:02  Pylon  
  80  6:03  Probe x2  
  83  6:08  Warp Prism (Chrono Boost)  
  85  6:17  Pylon, Robotics Bay  
  85  6:20  Probe x3  
  85  6:23  Gateway  
  88  6:27  Zealot  
  88  6:28  Zealot  
  88  6:30  Pylon  
  92  6:35  Pylon  
  92  6:39  Gateway  
  92  6:40  Gateway  
  92  6:52  High Templar x2  
  92  6:53  High Templar x3  
  102  6:55  Pylon  
  102  6:57  Archon x2  
  102  7:00  Gateway  
  102  7:03  Gateway, Protoss Ground Weapons Level 2 (Chrono Boost)  
  102  7:06  Disruptor (Chrono Boost)  
  102  7:12  Probe  
  106  7:18  Probe, Photon Cannon  
  106  7:19  High Templar  
  106  7:21  Pylon  
  109  7:26  Archon  
  109  7:29  Zealot x5  
  119  7:32  Pylon  
  119  7:33  Disruptor (Chrono Boost)  
  119  7:34  Nexus  
  122  7:52  High Templar x2, Zealot x6  
  122  7:54  Pylon  
  122  7:55  Photon Cannon  
  122  7:58  Shield Battery  
  138  8:03  Disruptor (Chrono Boost)  
  138  8:04  Probe x3  
  141  8:14  High Templar x2, Zealot x2  
  149  8:22  Pylon  
  149  8:24  Pylon  
  149  8:26  Pylon  
  147  8:39  Disruptor (Chrono Boost)  
  147  8:40  Archon x2  
  150  8:44  Zealot  
  150  8:47  Zealot x5  
  150  8:48  Zealot x4  
  123  9:06  Disruptor  
  122  9:10  High Templar x4  
  122  9:11  Zealot x6  
  122  9:16  Archon  
  142  9:22  Observer  
  117  9:28  Probe  
  117  9:29  Probe x3  
  103  9:32  Zealot  
  103  9:33  Zealot x3  
  103  9:38  High Templar x2  
  97  9:40  Probe  
  97  9:41  Probe x3, Disruptor  
  97  9:42  Archon  
  98  9:52  Archon  
  98  9:53  Probe x3  
  98  9:56  High Templar x2  
  105  10:00  Probe  
  105  10:02  Zealot x4, Archon  
  105  10:03  Protoss Ground Armor Level 1 (Chrono Boost)  
  105  10:05  Probe x3  
  117  10:12  Probe  
  117  10:13  Zealot  
  117  10:14  Zealot x3  
  126  10:17  Probe x3  
  126  10:21  Immortal (Chrono Boost)  
  132  10:24  Probe  
  134  10:30  Zealot x2  
  134  10:31  Zealot  
  138  10:35  Zealot  
  138  10:36  Zealot  
  138  10:40  Zealot  
  138  10:41  Zealot  
  136  10:47  Probe x4  
  136  10:56  High Templar x2  
  136  10:57  High Templar x2  
  128  10:59  Probe, Assimilator  
  128  11:00  Archon, Assimilator  
  128  11:02  Probe  
  128  11:03  Probe x2  
  122  11:07  Archon  
  122  11:08  Immortal (Chrono Boost)  
  122  11:10  High Templar  
  123  11:15  Zealot  
  123  11:16  Zealot x4  
  133  11:37  Immortal (Chrono Boost)  
  137  11:42  High Templar x2, Zealot x5  
  137  11:43  Zealot x3  
  137  11:46  Probe x4  
  137  11:47  Archon  
  140  12:00  Probe x2  
  140  12:01  Probe x2  
  137  12:03  High Templar x4  
  137  12:07  Archon  
  108  12:20  Probe x4  
  92  12:26  Disruptor (Chrono Boost)  
  87  12:30  High Templar x2  
  87  12:34  Archon  
  91  12:41  High Templar x2, Zealot x5  
  105  12:47  Archon  
  105  12:51  Probe x4  
  109  12:59  Disruptor (Chrono Boost)  
  109  13:01  High Templar  
  109  13:02  High Templar, Zealot x2  
  109  13:05  Probe x3  
  123  13:06  Probe  
  124  13:22  High Templar x2, Zealot x4  
  124  13:26  Archon  
  139  13:27  Disruptor (Chrono Boost), Archon  
  139  13:45  High Templar x2, Zealot x6  
  143  13:48  Disruptor (Chrono Boost)  
  143  13:54  Archon  
  116  14:20  High Templar x3  
  116  14:21  Disruptor (Chrono Boost)  
  116  14:22  Zealot x6  
  128  14:26  Archon  
  128  14:28  Zealot  
  127  14:38  Probe  
  111  14:47  High Templar, Disruptor (Chrono Boost)  
  111  14:49  Zealot x3  
  111  14:50  Zealot  
  121  14:53  Archon  
  121  14:54  Nexus  
  121  14:55  Pylon  
  120  15:04  Gravitic Drive (Chrono Boost)  
  118  15:10  High Templar x2, Zealot  
  118  15:11  Zealot  
  126  15:14  Archon  
  122  15:28  High Templar  
  122  15:33  High Templar  
  122  15:34  Zealot x4  
  108  15:44  Zealot x2  
  106  16:01  High Templar x2, Archon  
  106  16:02  Zealot x2  
  106  16:06  Archon  
  104  16:15  Zealot x2  
  104  16:16  Disruptor (Chrono Boost)  
  74  16:42  High Templar x2, Zealot x4  
  74  16:43  Zealot  
  83  16:50  Archon  
  83  16:52  Zealot x3  
  88  16:58  Disruptor (Chrono Boost)  
  59  17:07  Zealot  
Tags
 
Add a new tag
Caveats
  • Supply blocks, unpowered buildings, or Contaminate may cause inaccurate times.
  • Supply counts are checked every 10 seconds.